 Dungeon Crawl Stone Soup version 0.25-a0-578-gc91f01c39c (webtiles) character file.

Game seed: 3977606630380669352, levelgen mode: deterministic

2527 Esekla the Nimble (level 9, -4/44 HPs)
             Began as a Spriggan Artificer on Mar 6, 2020.
             Was an Initiate of Gozag.
             Slain by an orc warrior
             ... wielding a +0 trident
              (5 damage)
             ... on level 6 of the Dungeon.
             The game lasted 00:47:46 (7496 turns).

Esekla the Nimble (Spriggan Artificer)              Turns: 7496, Time: 00:47:49

Health: -4/44      AC: -1    Str:  6    XL:     9   Next: 29%
Magic:  0/13       EV: 27    Int: 12    God:    Gozag
Gold:   708        SH:  0    Dex: 18    Spells: 8/8 levels left

rFire    + . .     SeeInvis +   h - +3 dagger (venom)
rCold    . . .     Gourm    .   (shield restricted)
rNeg     + . .     Faith    .   b - +1 robe
rPois    .         Spirit   +   (helmet restricted)
rElec    .         Reflect  .   (no cloak)
rCorr    .         Harm     .   (gloves unavailable)
MR       +....                  (boots unavailable)
Stlth    ++++......             g - amulet of guardian spirit
HPRegen  0.14/turn              p - ring of protection from fire
MPRegen  0.13/turn              G - ring of positive energy

@: corroded, very quick
A: very small, unfitting armour, horns 1, see invisible, dopey 1, herbivore,
speed 3, robust 1, slow metabolism 2, weak 1
a: Potion Petition, Call Merchant, Bribe Branch, Renounce Religion


You were on level 6 of the Dungeon.
You worshipped Gozag.
Gozag was pleased with you.
You were not hungry.

You visited 2 branches of the dungeon, and saw 8 of its levels.
You also visited: Sewer.

You collected 758 gold pieces.
You paid 50 gold pieces to Gozag.

Inventory:

Hand Weapons
 h - a +3 dagger of venom (weapon)
 r - a +0 spear
 s - a +1 vorpal hunting sling
 C - a +0 trident
Missiles
 a - 28 poisoned darts (quivered)
 t - 57 sling bullets
Armour
 b - a +1 robe (worn)
 F - a +0 leather armour
Jewellery
 g - an amulet of guardian spirit (around neck)
 p - a ring of protection from fire (left hand)
 u - an uncursed amulet of magic regeneration
 G - a ring of positive energy (right hand)
Wands
 c - a wand of flame (32)
 d - a wand of enslavement (15)
 e - a wand of random effects (15)
 H - a wand of iceblast (9)
 I - a wand of disintegration (6)
Scrolls
 n - 4 scrolls of enchant armour
 o - 3 scrolls of remove curse
 x - 2 scrolls of blinking {unknown}
 y - 5 scrolls of teleportation
 B - a scroll of fear
 J - a scroll of brand weapon {unknown}
Potions
 i - 2 potions of mutation
 j - 4 potions of haste
 k - 5 potions of might
 l - 2 potions of ambrosia
 m - a potion of resistance {unknown}
 q - 3 potions of curing
 v - 3 potions of magic
 w - 2 potions of heal wounds
 z - 2 potions of flight
 D - a potion of berserk rage {unknown}
 E - 3 potions of lignification
Comestibles
 f - 7 rations


   Skills:
 - Level 0.7 Fighting
 * Level 9.7 Short Blades
 + Level 0.7 Throwing
 * Level 10.7 Dodging
 + Level 8.0 Stealth
 - Level 4.0 Evocations


You had 8 spell levels left.
You didn't know any spells.
Your spell library was empty.

Dungeon Overview and Level Annotations

Branches:
Dungeon (7/15)             Temple (1/1) D:4           Sewer (visited)

Altars:
Cheibriados
Dithmenos
Elyvilon
Fedhas
Gozag
Hepliaklqana
Makhleb
Okawaru
Qazlal
Ru
Trog
Uskayaw
Vehumet
Wu Jian
Zin
The Shining One


Innate Abilities, Weirdness & Mutations

You are very small and have problems with some larger weapons.
You are too small for most types of armour.
You have supernaturally acute eyesight. (SInv)
You are a herbivore.
You cover ground extremely quickly.
You need to consume almost no food.
You have a pair of small horns on your head.
You are dopey. (Int -2)
You are robust. (+10% HP)
You are weak. (Str -2)


Message History

Found a stone staircase leading up.
There is a stone staircase leading up here.
You climb upwards. 2 orc warriors and 2 rust devils come into view.
Found a war axe, a scimitar, a morningstar and a halberd.
There is a stone staircase leading down here.
The rust devil screeches!
The orc warrior shouts! x2
There is a stone staircase leading down here.
You barely miss the orc warrior. The orc warrior barely misses you.
The orc warrior hits you from afar with a +0 trident!
There is a stone staircase leading down here.
The orc warrior barely misses you.
The orc warrior hits you with a +0 battleaxe!!
* * * LOW HITPOINT WARNING * * *
The rust devil hits you!
* * * LOW HITPOINT WARNING * * *
The rust devil corrodes you!
The orc warrior hits you from afar with a +0 trident.
You die...
Your body crumbles into a pile of gold.

#######................# ##..
#...................#..###...
#.####..............#...####.
#.##...###.....###.......###.
#.#..### ###...#..........)..
#.#.##)#+#)##........######..
#...#♣.....♣#........### ##.
#..##.....o.##....)....####..
#..#∩...8.44@#.........#.....
#..##......o##...(...........
#...#♣.....♣#.......#.......(
#...##)#+#)##.(.....##.......
###..### ###........##.......
##...###...................
###.....#..#...#..........
######..##...##.......##
#.......###........#


You could see 2 rust devils and 2 orc warriors.

Vanquished Creatures
  Grinder (D:5)
  Sigmund (D:2)
  Menkaure (D:5)
  An orc warrior (D:6)
  An ice beast (D:6)
  A phantom (D:5)
  2 ogres
  2 centaurs
  3 bullfrogs
  2 howler monkeys
  A centaur zombie (D:5)
  3 crimson imps
  6 hounds
  3 bullfrog skeletons
  2 jellies
  3 orc wizards
  2 centaur skeletons
  An iguana (D:4)
  5 worker ants
  A hound skeleton (D:5)
  A hound zombie (D:5)
  14 gnolls
  13 adders
  3 shadow imps
  3 adder skeletons
  A worm (D:3)
  A dart slug (D:2)
  2 leopard geckos
  8 orcs
  7 ball pythons
  14 bats
  7 giant cockroaches
  8 goblins
  7 hobgoblins
  8 jackals
  11 kobolds
  A quokka (D:6)
  14 frilled lizards
  A giant cockroach zombie (D:5)
  A jackal zombie (D:4)
  A leopard gecko skeleton (D:7)
  3 leopard gecko zombies (D:5)
  A quokka skeleton (D:6)
  9 rats
  A fungus (D:2)
  6 plants (Sewer)
188 creatures vanquished.

Vanquished Creatures (others)
  A plant (Sewer)
1 creature vanquished.

Grand Total: 189 creatures vanquished

Notes
Turn   | Place    | Note
-------+----------+-------------------------------------------
     0 | D:1      | Esekla the Spriggan Artificer began the quest for the Orb.
     0 | D:1      | Reached XP level 1. HP: 9/9 MP: 4/4
   179 | D:1      | Reached XP level 2. HP: 9/14 MP: 6/6
   564 | D:1      | Reached skill level 4 in Dodging
   582 | D:2      | Found a bloodstained altar of Trog.
   599 | D:2      | Reached XP level 3. HP: 16/17 MP: 7/7
   756 | D:2      | Noticed Sigmund
   787 | D:2      | Killed Sigmund
   787 | D:2      | Reached skill level 5 in Dodging
   787 | D:2      | Reached XP level 4. HP: 6/21 MP: 3/8
   787 | D:2      | Reached XP level 5. HP: 7/25 MP: 3/9
   976 | D:2      | Found a shadowy altar of Dithmenos.
  1322 | D:2      | Found a sacrificial altar of Ru.
  1421 | D:2      | Reached XP level 6. HP: 29/29 MP: 10/10
  1986 | D:3      | Gained mutation: You are robust. (+10% HP) [potion of
                  | mutation]
  1986 | D:3      | Gained mutation: You are weak. (Str -2) [potion of
                  | mutation]
  1986 | D:3      | Gained mutation: You are dopey. (Int -2) [potion of
                  | mutation]
  1986 | D:3      | Gained mutation: You have a pair of small horns on your
                  | head. [potion of mutation]
  2144 | D:3      | Reached skill level 6 in Dodging
  2525 | D:4      | Reached skill level 5 in Short Blades
  2550 | D:4      | Reached skill level 5 in Stealth
  2617 | D:4      | Found a glowing drain.
  2815 | Sewer    | Entered a sewer
  3598 | Sewer    | Reached XP level 7. HP: 33/35 MP: 9/11
  3944 | D:4      | Reached skill level 7 in Dodging
  3981 | D:4      | Found a staircase to the Ecumenical Temple.
  4036 | Temple   | Entered the Ecumenical Temple
  4092 | Temple   | Became a worshipper of Gozag Ym Sagoz the Greedy
  4650 | D:5      | Entered Level 5 of the Dungeon
  4650 | D:5      | Noticed Grinder
  4675 | D:5      | Killed Grinder
  4675 | D:5      | Reached skill level 8 in Dodging
  4675 | D:5      | Reached XP level 8. HP: 27/40 MP: 10/12
  5308 | D:5      | Noticed Menkaure
  5681 | D:5      | Reached skill level 9 in Dodging
  5974 | D:5      | Killed Menkaure
  6436 | D:6      | Found a radiant altar of Vehumet.
  6542 | D:6      | Found a hide-covered altar of Uskayaw.
  6613 | D:6      | Reached XP level 9. HP: 41/44 MP: 13/13
  6625 | D:6      | Found a glowing golden altar of the Shining One.
  6785 | D:6      | Reached skill level 10 in Dodging
  7301 | D:7      | Found a blossoming altar of Fedhas.
  7341 | D:7      | Found a stormy altar of Qazlal.
  7405 | D:7      | Found an ornate altar of the Wu Jian Council.
  7487 | D:6      | Noticed a rust devil
  7487 | D:6      | Noticed a rust devil
  7496 | D:6      | HP: 1/44 [rust devil (8)]
  7496 | D:6      | Slain by an orc warrior

Levels and vault maps discovered:
D:1:      saegor_arrival_miasma, layout_rooms
D:2:      layout_rooms, nicolae_overflow_crystal_walls, bloody_trog,
          nicolae_ru_the_path_less_chosen, uniq_sigmund
D:3:      layout_loops_corners
D:4:      layout_loops_ring, temple_fountains, portal_sewer_entry_d,
          first_ration
D:5:      layout_cave_pools, serial_undead, serial_undead_b, serial_undead_b,
          serial_undead_e, serial_undead_e, uniq_grinder, uniq_menkaure
D:6:      cheibrodos_iron_armory, layout_cave_pools, kennysheep_little_box,
          old_standard_altar, lemuel_round_altar
D:7:      layout_basic, grunt_temple_overflow_forces_of_nature,
          lemuel_crystal_altar, gammafunk_temple_overflow_claw,
          serial_corexii_hall, chequers_hall_statues_wall_a,
          chequers_hall_statues_wall_a, serial_bayou_pond_b, minmay_holes,
          the_bakery
Temple:   nicolae_temple_figure_zero

Skill      XL: |  1  2  3  4  5  6  7  8  9 |
---------------+----------------------------+-----
Short Blades   | 2 4 5 6 9 |  9.7
Stealth        | 2 3 4 5 6 7 8 |  8.0
Dodging        | 4 5 6 8 9 10 | 10.7
Fighting       | |  0.7
Throwing       | |  0.7
Evocations     | |  4.0

Action                   |  1- 3 |  4- 6 |  7- 9 || total
-------------------------+-------+-------+-------++-------
Melee: Short sword       |    40 |       |       ||    40
       Dagger            |    77 |   305 |   519 ||   901
       Headbutt          |       |    53 |    95 ||   148
Throw: Dart              |       |       |     6 ||     6
  Use: Scroll            |       |    10 |     7 ||    17
       Potion            |       |     1 |       ||     1
 Stab: Sleeping          |     7 |     9 |    12 ||    28
       Distracted        |       |     1 |     2 ||     3
  Eat: Ration            |       |       |     3 ||     3
Armor: Robe              |     9 |     8 |    17 ||    34
Dodge: Dodged            |   101 |   123 |   256 ||   480

Table legend:
 A = Non-vault XP
 B = Vault XP
 C = Vault XP percentage of total XP
 D = Non-vault monster count
 E = Vault monster count
 F = Vault count percentage of total count
                 A         B        C        D         E       F
            +---------+---------+-------+---------+---------+-------
      Total |    2702 |     909 |  25.2 |     148 |      33 |  18.2
            +---------+---------+-------+---------+---------+-------
        D:1 |      36 |       0 |   0.0 |      23 |       0 |   0.0
        D:2 |     126 |     220 |  63.6 |      32 |       1 |   3.0
        D:3 |      77 |       0 |   0.0 |      16 |       0 |   0.0
        D:4 |     599 |      13 |   2.1 |      23 |       1 |   4.2
        D:5 |     516 |     607 |  54.1 |      19 |       9 |  32.1
        D:6 |     940 |       0 |   0.0 |      28 |       0 |   0.0
        D:7 |     408 |       0 |   0.0 |       7 |       0 |   0.0
      Sewer |       0 |      69 | 100.0 |       0 |      22 | 100.0
            +---------+---------+-------+---------+---------+-------
